 Dungeon Crawl Stone Soup version 0.22-a0-402-ga933591 (webtiles) character file.

64 Dargar the Skirmisher (level 4, 0/24 HPs)
             Began as a Vine Stalker Fighter on May 6, 2018.
             Succumbed to a worker ant's poison
             ... on level 4 of the Dungeon.
             The game lasted 00:04:25 (1783 turns).

Dargar the Skirmisher (Vine Stalker Fighter)        Turns: 1783, Time: 00:04:26

Health: 0/24       AC:  7    Str: 20      XL:     4   Next: 12%
Magic:  3/5        EV:  7    Int: 11 (12) God:
Gold:   126        SH:  9    Dex: 11 (13) Spells: 3/3 levels left

rFire    . . .     SeeInvis .   a - +0 long sword
rCold    . . .     Gourm    .   c - +0 shield
rNeg     . . .     Faith    .   b - +1 scale mail
rPois    .         Spirit   +   (no helmet)
rElec    .         Reflect  .   (no cloak)
rCorr    .         Harm     .   (no gloves)
MR       .....                  (no boots)
Stlth    ..........             (no amulet)
HPRegen  0.48/turn              (no ring)
MPRegen  0.09/turn              j - ring of wizardry

@: lethally poisoned (0 -> -1)
A: fangs 2, blink, clever 2, regeneration 1, magic shield, antimagic bite, no
potion heal 3, rot immunity
a: Blink


You were on level 4 of the Dungeon.
You were not hungry.

You visited 1 branch of the dungeon, and saw 3 of its levels.

You collected 126 gold pieces.

Inventory:

Hand Weapons
 a - a +0 long sword (weapon)
Armour
 b - a +1 scale mail (worn)
 c - a +0 shield (worn)
Jewellery
 j - a ring of wizardry (right hand)
Scrolls
 e - a scroll of magic mapping
 g - a scroll of identify
Potions
 d - 2 potions of might
Comestibles
 f - 3 rations


   Skills:
 + Level 3.2 Fighting
 + Level 2.6 Long Blades
 + Level 2.8 Armour
 + Level 0.2 Dodging
 + Level 3.1 Shields


You had 3 spell levels left.
You didn't know any spells.

Dungeon Overview and Level Annotations

Branches:
Dungeon (2/15)

Altars:


Innate Abilities, Weirdness & Mutations

You have extremely sharp teeth.
Your natural rate of healing is unusually fast.
When hurt, damage is shared between your health and your magic reserves.
Your bite disrupts and absorbs the magic of your enemies.
Potions cannot restore your health.
You are immune to rotting.
You can translocate small distances at will.
Your mind is very acute. (Int +4)


Message History

You hit the worker ant.
The worker ant is moderately wounded.
You feel sick. The worker ant bites you.
* * * LOW HITPOINT WARNING * * *
You hit the worker ant. You bite the worker ant. You drain its power.
You feel invigorated.
The worker ant is almost dead.
* * * LOW HITPOINT WARNING * * *
You feel sick. The worker ant bites you.
* * * LOW HITPOINT WARNING * * *
You block the worker ant's attack.
You hit the worker ant.
You kill the worker ant!
You feel your strength returning.
You feel your dexterity returning.
You have reached level 4!
You feel stronger.
You begin to heal more quickly.
* * * LOW HITPOINT WARNING * * *
You feel sick.
You die...

........# #
........# #
#......... .#
.....$....###[.
. ....$...#...
.<. ........#
#)...
#.##†.##......
#...@....#
#####....#
####.# .# #


There were no monsters in sight!

Vanquished Creatures
  A worker ant (D:4)
  An ooze (D:2)
  A worm (D:2)
  2 giant cockroaches (D:1)
  3 goblins
  3 hobgoblins (D:1)
  3 jackals (D:2)
  A quokka (D:2)
  2 ball pythons
  5 bats (D:1)
  2 frilled lizards
  7 kobolds
  5 rats (D:1)
36 creatures vanquished.

Notes
Turn   | Place    | Note
-------+----------+-------------------------------------------
     0 | D:1      | Dargar the Vine Stalker Fighter began the quest for the Orb.
     0 | D:1      | Reached XP level 1. HP: 11/11 MP: 2/2
   146 | D:1      | Reached XP level 2. HP: 8/16 MP: 3/3
   830 | D:1      | Gained mutation: You can translocate small distances at will. [potion of mutation]
   830 | D:1      | Gained mutation: Your mind is acute. (Int +2) [potion of mutation]
   830 | D:1      | Gained mutation: Your mind is very acute. (Int +4) [potion of mutation]
  1376 | D:2      | Reached XP level 3. HP: 11/20 MP: 1/4
  1769 | D:2      | You fall through a shaft for 2 floors!
  1781 | D:4      | HP: 1/20 [worker ant (1)]
  1782 | D:4      | Gained mutation: Your natural rate of healing is unusually fast. [Vine Stalker growth]
  1782 | D:4      | Reached XP level 4. HP: 1/24 MP: 3/5
  1783 | D:4      | Succumbed to a worker ant's poison

Vault maps used:
D:1:      wheals_arrival_shading, minmay_pentomino_q2
D:2:      nicolae_dithmenos_through_a_glass_darkly
D:4:      minitemple, minmay_temple_entry_mist

Skill      XL: |  1  2  3 |
---------------+----------+-----
Fighting       | 3 |  3.2
Long Blades    | 2 |  2.6
Shields        | 3 |  3.1
Armour         | |  2.8
Dodging        | |  0.2

Action                   |  1- 3 |  4- 6 || total
-------------------------+-------+-------++-------
Melee: Long sword        |   121 |       ||   121
       Bite              |    34 |       ||    34
 Abil: Blink             |     1 |       ||     1
  Use: Scroll            |     6 |       ||     6
       Potion            |     5 |       ||     5
  Eat: Chunk             |     3 |       ||     3
Armor: Scale mail        |    61 |       ||    61
Dodge: Dodged            |    44 |       ||    44
Block: Shield            |    69 |       ||    69
       Rpst.: Long sword |    17 |       ||    17

Table legend:
 A = Spawn XP
 B = Non-spawn XP
 C = Spawn XP percentage of total XP
 D = Spawn monster count
 E = Non-spawn monster count
 F = Spawn count percentage of total count
 G = Total turns spent on level
                    A         B        C        D         E        F      G
               +---------+---------+-------+---------+---------+-------+---------
         Total |       0 |      92 |   0.0 |       0 |      36 |   0.0 |  1783
               +---------+---------+-------+---------+---------+-------+---------
           D:1 |       0 |      28 |   0.0 |       0 |      21 |   0.0 |  1101
           D:2 |       0 |      31 |   0.0 |       0 |      13 |   0.0 |   668
           D:4 |       0 |      33 |   0.0 |       0 |       2 |   0.0 |    14
               +---------+---------+-------+---------+---------+-------+---------
